 Dungeon Crawl Stone Soup version 0.27.1-34-g3ba077fa99 (webtiles) character file.

Game seed: 10914139596765312187

82 shadowrider38 the Shield-Bearer (level 4, -6/40 HPs)
             Began as a Minotaur Fighter on Jan 7, 2022.
             Killed by divine providence
             ... invoked by an orc priest
              (14 damage)
             ... on level 3 of the Dungeon.
             The game lasted 00:03:22 (1986 turns).

shadowrider38 the Shield-Bearer (Minotaur Fighter)  Turns: 1986, Time: 00:03:23

Health: -6/40      AC:  7    Str: 21    XL:     4   Next: 21%
Magic:  0/12       EV:  8    Int:  5    God:
Gold:   162        SH:  9    Dex: 10    Spells: 3/3 levels left

rFire    . . .     SeeInvis .   a - +0 war axe
rCold    . . .     Faith    .   c - +0 kite shield
rNeg     . . .     Spirit   +   b - +0 scale mail
rPois    .         Reflect  .   (helmet restricted)
rElec    .         Harm     .   (no cloak)
rCorr    .         Rampage  .   (no gloves)
Will     .....                  (no boots)
Stlth    ..........             h - amulet of guardian spirit
HPRegen  0.13/turn              i - ring of flight
MPRegen  0.13/turn              m - ring of magical power

@: flying
A: horns 2, retaliatory headbutt
a: no special abilities


You were on level 3 of the Dungeon.
You visited 1 branch of the dungeon, and saw 3 of its levels.

You collected 162 gold pieces.

Inventory:

Hand Weapons
 a - a +0 war axe (weapon)
Missiles
 g - 71 stones (quivered)
Armour
 b - a +0 scale mail (worn)
 c - a +0 kite shield (worn)
Jewellery
 h - an amulet of guardian spirit (around neck)
 i - a ring of flight (left hand)
 m - a ring of magical power (right hand)
Scrolls
 j - a scroll of enchant weapon {unknown}
 k - a scroll of identify {unknown}
 l - a scroll of enchant armour {unknown}
Potions
 d - a potion of might
 e - a potion of curing {unknown}
 f - a potion of attraction {unknown}
 n - a potion of degeneration {unknown}


   Skills:
 + Level 4.2 Fighting
 + Level 3.3 Axes
 + Level 4.2 Armour
 + Level 1.6 Dodging
 + Level 4.2 Shields


You had 3 spell levels left.
You didn't know any spells.
Your spell library was empty.

Dungeon Overview and Level Annotations

Branches:
Dungeon (3/15)

Altars:
Kikubaaqudgha
Vehumet
Zin


Innate Abilities, Weirdness & Mutations

You have a pair of horns on your head.
You reflexively headbutt those who attack you in melee.


Message History

You have reached level 4!
You feel agile.
The orc priest looks braver for a moment.
The orc hits you from afar with a +0 trident.
The orc priest calls down the wrath of Beogh upon you.
Beogh smites you!
You hit the orc but do no damage.
The orc is severely wounded.
The orc closely misses you. You furiously retaliate!
You headbutt the orc.
You kill the orc!
You miss the adder. You block the adder's attack. The adder bites you.
You are poisoned.
The adder poisons you!
You hit the adder but do no damage.
You feel sick.
The adder bites you but does no damage. x2; You block the orc's attack.
You closely miss the adder.
You feel sick. You block the adder's attack.
The orc hits you but does no damage. The adder bites you but does no damage.
The orc closely misses you.
You slash the adder!
You kill the adder!
You feel sick.
You are no longer poisoned.
You block the orc's attack.
The orc priest invokes the aid of Beogh against you.
Beogh smites you! The orc barely misses you.
The orc priest calls down the wrath of Beogh upon you.
Beogh smites you!
* * * LOW HITPOINT WARNING * * *
Things that are here:
a +0 short sword of electrocution; a +0 chain mail You barely miss the orc.
Your headbutt misses the orc. The orc completely misses you.
You furiously retaliate!
You headbutt the orc. The orc hits you but does no damage.
Sorry, you're not good enough to have a special ability.
You slash the orc!
You kill the orc!
The orc priest invokes the aid of Beogh against you.
Beogh smites you!
You die...

..... ..... ..... .....
..... ####### .....
....... #######.....
......K#######.....######
......oo@....'.....'.....
.......#######.....######
....... #.....# .......
#.....# ....... #.....#
....... #.....# .......
#.....# .......
#.....####
#####........###


You could see 2 orc priests and a kobold.

Vanquished Creatures
  2 adders (D:3)
  2 worms (D:2)
  7 orcs (D:3)
  7 endoplasms
  A giant cockroach (D:1)
  3 goblins
  4 hobgoblins
  7 kobolds
  A quokka (D:1)
  7 bats
  4 frilled lizards
  3 rats (D:2)
48 creatures vanquished.

Notes
Turn   | Place    | Note
-------+----------+-------------------------------------------
     0 | D:1      | shadowrider38 the Minotaur Fighter began the quest for the
                  | Orb.
     0 | D:1      | Reached XP level 1. HP: 19/19 MP: 0/0
   267 | D:1      | Reached XP level 2. HP: 27/27 MP: 1/1
   510 | D:1      | Found a faded altar of an unknown god.
   960 | D:2      | Reached skill level 1 in Dodging
   999 | D:2      | Found an ancient bone altar of Kikubaaqudgha.
  1083 | D:2      | Reached XP level 3. HP: 32/33 MP: 2/2
  1625 | D:3      | Found a glowing silver altar of Zin.
  1681 | D:3      | Found a radiant altar of Vehumet.
  1977 | D:3      | Reached XP level 4. HP: 40/40 MP: 3/3
  1986 | D:3      | Killed from afar by an orc priest

Illustrated notes

Levels and vault maps discovered:
D:1:      wander_arrival_lonely_grave, layout_basic,
          hellmonk_ecumenical_altar_inner_sanctum, minmay_worlds_worst_comb
D:2:      layout_loops_ring, basic_altar
D:3:      layout_basic, lemuel_doored_altar,
          mainiacjoe_overflow_six_doors_small, kennysheep_generic_room_10

Skill      XL: |  1  2  3 |
---------------+----------+-----
Dodging        | 1 |  1.6
Fighting       | 4 |  4.2
Armour         | 4 |  4.2
Shields        | 4 |  4.2
Axes           | 3 |  3.3

Action                   |  1- 3 |  4- 6 || total
-------------------------+-------+-------++-------
Melee: War axe           |   102 |     7 ||   109
       Headbutt          |    14 |       ||    14
Armor: Scale mail        |    51 |     5 ||    56
Dodge: Dodged            |    33 |     4 ||    37
Block: Kite shield       |    53 |     4 ||    57
